 Dungeon Crawl Stone Soup version 0.22-a0-224-g8cf3520 (webtiles) character file.

15 Amnesiac the Charlatan (level 2, 0/14 HPs)
             Began as a Spriggan Artificer on Feb 20, 2018.
             Slain by an iguana (8 damage)
             ... on level 4 of the Dungeon.
             The game lasted 00:02:03 (502 turns).

Amnesiac the Charlatan (Spriggan Artificer)          Turns: 502, Time: 00:02:04

Health: 0/14       AC:  2    Str:  8    XL:     2   Next: 34%
Magic:  6/6        EV: 18    Int: 12    God:
Gold:   105        SH:  0    Dex: 16    Spells: 1/1 levels left

rFire    . . .     SeeInvis +   a - +0 short sword
rCold    . . .     Gourm    .   (shield restricted)
rNeg     . . .     Faith    .   b - +0 robe
rPois    .         Spirit   .   (helmet restricted)
rElec    .         Reflect  .   (no cloak)
rCorr    .         Harm     .   (gloves unavailable)
MR       .....                  (boots unavailable)
Stlth    ++........             (no amulet)
HPRegen  0.04/turn              (no ring)
MPRegen  0.10/turn              (no ring)

@: very quick
A: very small, unfitting armour, see invisible, herbivore, speed 3, slow
metabolism 2
a: no special abilities


You were on level 4 of the Dungeon.
You were not hungry.

You visited 1 branch of the dungeon, and saw 4 of its levels.

You collected 105 gold pieces.

Inventory:

Hand Weapons
 a - a +0 short sword (weapon)
Armour
 b - a +0 robe (worn)
Wands
 c - a wand of flame (15)
 d - a wand of enslavement (14)
 e - a wand of random effects (15)
 j - a wand of paralysis (18)
Scrolls
 h - a scroll of teleportation {!r, unknown}
 k - a scroll of fog {!r, unknown}
 n - a scroll of amnesia {!r, unknown}
Potions
 g - a potion of heal wounds {!q, unknown}
 i - a potion of might {!q}
 l - a potion of degeneration {!q, unknown}
 m - a potion of berserk rage {!q, unknown}
Comestibles
 f - 5 rations


   Skills:
 + Level 1.2 Fighting
 - Level 1.1 Short Blades
 - Level 3.0 Dodging
 - Level 1.5 Stealth
 * Level 4.8 Evocations


You had one spell level left.
You didn't know any spells.

Dungeon Overview and Level Annotations

Branches:
Dungeon (4/15)
 Temple: D:4-7

Altars:
Cheibriados
Ru
Uskayaw


Innate Abilities, Weirdness & Mutations

You are very small and have problems with some larger weapons.
You are too small for most types of armour.
You have supernaturally acute eyesight. (SInv)
You are a herbivore.
You cover ground extremely quickly.
You need consume almost no food.


Message History

A giant cockroach is nearby!
A giant cockroach is nearby!
The giant cockroach moves out of view.
m - a bubbling purple potion {!q}
There are no items here.
A frilled lizard comes into view.
Found 16 stones and a ring mail.
You hit the giant cockroach but do no damage.
The giant cockroach misses you.
You hit the giant cockroach.
The giant cockroach is heavily wounded.
The giant cockroach barely misses you.
The giant cockroach completely misses you.
You hit the giant cockroach.
The giant cockroach is heavily wounded.
The giant cockroach bites you but does no damage.
You hit the giant cockroach.
The giant cockroach is almost dead.
The giant cockroach misses you.
You hit the giant cockroach but do no damage.
The giant cockroach is severely wounded.
The frilled lizard hisses angrily.
The giant cockroach closely misses you.
You barely miss the giant cockroach.
The giant cockroach is severely wounded.
The giant cockroach barely misses you.
You hit the giant cockroach but do no damage.
The giant cockroach is severely wounded.
The giant cockroach barely misses you. x2
You hit the giant cockroach.
You kill the giant cockroach!
Found 8 gold pieces and a ration.
You closely miss the frilled lizard.
The frilled lizard completely misses you.
You barely miss the frilled lizard. The frilled lizard barely misses you.
You barely miss the frilled lizard. The frilled lizard closely misses you.
You hit the frilled lizard.
You kill the frilled lizard!
You see here a frilled lizard corpse.
An iguana comes into view.
The iguana hisses angrily.
You see here 13 gold pieces.
You now have 105 gold pieces (gained 13).
Found a scroll labeled SOUXZO JOIJIA.
You see here a scroll labeled SOUXZO JOIJIA {!r}.
n - a scroll labeled SOUXZO JOIJIA {!r} A leopard gecko comes into view.
The leopard gecko hisses angrily.
The leopard gecko misses you.
You completely miss the leopard gecko. The leopard gecko bites you.
You miss the leopard gecko. The leopard gecko closely misses you.
You hit the leopard gecko but do no damage.
The leopard gecko barely misses you. The leopard gecko closely misses you.
You hit the leopard gecko.
The leopard gecko is almost dead.
The leopard gecko misses you.
You hit the leopard gecko but do no damage.
The leopard gecko is almost dead.
The leopard gecko barely misses you.
You closely miss the leopard gecko.
The leopard gecko is almost dead.
The leopard gecko bites you. The iguana bites you!
Ouch! That really hurt!
You die...

#..............#
###.......######.#
.##..(.....# #.#
.##$.......# #.#
.##......†.# #.#
.#########.## #.#
.# #..# #.# .#
##.# #l# ## #.#
#@# ###.# #l#
#...## #.# #....#
#.# #....###.#
#.....##.#
#...#.##.#...###
#...#.##.#.....#
#####.##.#.....#


You could see an iguana and a leopard gecko.

Vanquished Creatures
  A leopard gecko (D:3)
  A giant cockroach (D:4)
  A goblin (D:2)
  2 hobgoblins
  4 jackals (D:4)
  A bat (D:2)
  2 frilled lizards
12 creatures vanquished.

Vanquished Creatures (others)
  A frilled lizard (D:3)
1 creature vanquished.

Grand Total: 13 creatures vanquished

Notes
Turn   | Place    | Note
-------+----------+-------------------------------------------
     0 | D:1      | Amnesiac the Spriggan Artificer began the quest for the Orb.
     0 | D:1      | Reached XP level 1. HP: 9/9 MP: 4/4
    56 | D:2      | Found a snail-covered altar of Cheibriados.
   133 | D:4      | Found a sacrificial altar of Ru.
   151 | D:4      | Noticed a hound
   205 | D:3      | Reached skill level 1 in Fighting
   207 | D:3      | Found a hide-covered altar of Uskayaw.
   208 | D:3      | Noticed a hand axe
   208 | D:3      | Noticed a dagger
   426 | D:4      | Reached XP level 2. HP: 13/14 MP: 6/6
   502 | D:4      | Slain by an iguana

Vault maps used:
D:1:      scummos_arrival_gate, st_stairs_10
D:2:      gammafunk_temple_overflow_statue, lemuel_crystal_altar, tgw_trog,
          cheibriados_altar_1
D:3:      dancing_weapons_uskayaw, serial_curves, eino_curves_01,
          eino_curves_04, minmay_misc_feat_alley
D:4:      lemuel_round_altar, first_ration, minmay_misc_feat_tower, uniq_duvessa

Skill      XL: |  1 |
---------------+----+-----
Fighting       | 1 |  1.2
Short Blades   | |  1.1
Dodging        | |  3.0
Stealth        | |  1.5
Evocations     | |  4.8

Action                   || total
-------------------------++-------
Melee: Short sword       ||    64
Evoke: Wand              ||     1
Armor: Robe              ||     8
Dodge: Dodged            ||    65

Table legend:
 A = Spawn XP
 B = Non-spawn XP
 C = Spawn XP percentage of total XP
 D = Spawn monster count
 E = Non-spawn monster count
 F = Spawn count percentage of total count
 G = Total turns spent on level
                    A         B        C        D         E        F      G
               +---------+---------+-------+---------+---------+-------+---------
         Total |       0 |      22 |   0.0 |       0 |      12 |   0.0 |   502
               +---------+---------+-------+---------+---------+-------+---------
           D:2 |       0 |       5 |   0.0 |       0 |       3 |   0.0 |    83
           D:3 |       0 |       6 |   0.0 |       0 |       3 |   0.0 |   209
           D:4 |       0 |      11 |   0.0 |       0 |       6 |   0.0 |   167
               +---------+---------+-------+---------+---------+-------+---------
